 Dungeon Crawl Stone Soup version 0.28-a0-175-gb2089b6bb7 (webtiles) character file.

Game seed: 7195579095542650523

48 Nattfarinn the Skirmisher (level 3, 0/63 HPs)
             Began as an Ogre Berserker on Aug 17, 2021.
             Was a Believer of Trog.
             Slain by Robin (5 damage)
             ... on level 2 of the Dungeon.
             The game lasted 00:01:27 (1722 turns).

Nattfarinn the Skirmisher (Ogre Berserker)          Turns: 1722, Time: 00:01:27

Health: 0/63       AC:  3    Str: 22    XL:     3   Next: 72%
Magic:  3/3        EV: 10    Int:  8    God:    Trog [**....]
Gold:   61         SH:  0    Dex:  8    Spells: 2/2 levels left

rFire   . . .      SeeInvis .   a - +0 mace
rCold   . . .      Faith    .   (no shield)
rNeg    . . .      Spirit   .   b - +0 animal skin
rPois   .          Reflect  .   (helmet restricted)
rElec   .          Harm     .   (no cloak)
rCorr   .          Rampage  .   (gloves unavailable)
Will    .....                   (boots unavailable)
Stlth   ..........              (no amulet)
HPRegen 0.20/turn               (no ring)
MPRegen 0.08/turn               (no ring)

@: berserking (expiring), very quick
A: large, unfitting armour, tough skin 1
a: Renounce Religion, Berserk, Trog's Hand


You were on level 2 of the Dungeon.
You worshipped Trog.
Trog was pleased with you.
You visited 1 branch of the dungeon, and saw 2 of its levels.

You collected 61 gold pieces.

Inventory:

Hand Weapons
 a - a +0 mace (weapon)
Armour
 b - a +0 animal skin (worn)
Scrolls
 c - a scroll of vulnerability {unknown}
 d - a scroll of torment {unknown}
 e - a scroll of magic mapping {unknown}
Potions
 f - a potion of ambrosia {unknown}
 g - a potion of might {unknown}


   Skills:
 * Level 5.1 Fighting
 + Level 3.1 Maces & Flails
 + Level 3.1 Dodging


You had 2 spell levels left.
You didn't know any spells.
Your spell library was empty.

Dungeon Overview and Level Annotations

Branches:
Dungeon (2/15)

Altars:

Annotations:
D:2 Robin


Innate Abilities, Weirdness & Mutations

You are too large for most types of armour.
You have tough skin. (AC +1)


Message History

The goblin hits you with a +0 dagger.
* * * LOW HITPOINT WARNING * * *
You closely miss the goblin.
The goblin no longer looks unusually strong.
The goblin completely misses you.
Robin hits you from afar with a +0 spear.
* * * LOW HITPOINT WARNING * * *
You sock the goblin!
You kill the goblin!
Trog accepts your kill.
Your skin stops crawling.
You feel less strong-willed. The goblin misses you.
You sock the hobgoblin!
You kill the hobgoblin!
Trog accepts your kill.
Robin roars a battlecry!
The goblins go into a battle-frenzy!
The goblin hits you but does no damage.
You barely miss the goblin.
Robin hits you from afar with a +0 spear.
* * * LOW HITPOINT WARNING * * *
The goblin hits you but does no damage.
You closely miss the goblin. The goblin barely misses you.
A hobgoblin comes into view.
Robin hits you but does no damage. The goblin hits you but does no damage.
You closely miss the goblin. The goblin barely misses you.
Robin hits you from afar with a +0 spear.
* * * LOW HITPOINT WARNING * * *
The goblin barely misses you.
You closely miss the goblin. The goblin hits you but does no damage.
Robin roars a battlecry!
The goblins go into a battle-frenzy!
The goblin hits you with a +0 club.
* * * LOW HITPOINT WARNING * * *
You barely miss the goblin. The goblin hits you but does no damage.
You hit the goblin.
You kill the goblin!
Trog accepts your kill.
Robin hits you from afar with a +0 spear.
You die... ... ..##.....#.. #.##........ #g##........ gg..........

#g##........
#g##gg......
#.##........ #..#@##.#
.. ##.)g##†# #.#
##.g##.# #.# .
#...#†## #.# .
###.....###.#.#
............#.#.###..
####..##..#...#.....
#..............###
...#.###.#.##.†...####


You could see Robin, a hobgoblin (strong) and 2 goblins.

Vanquished Creatures
  An adder (D:2)
  2 endoplasms
  11 goblins
  4 hobgoblins
  3 quokkas
  2 ball pythons (D:1)
  2 bats (D:1)
  3 frilled lizards
  7 kobolds
  A rat (D:1)
36 creatures vanquished.

Notes
Turn   | Place    | Note
-------+----------+-------------------------------------------
     0 | D:1      | Nattfarinn the Ogre Berserker began the quest for the Orb.
     0 | D:1      | Reached XP level 1. HP: 24/24 MP: 1/1
   146 | D:1      | Reached XP level 2. HP: 22/33 MP: 2/2
  1337 | D:2      | Reached XP level 3. HP: 25/41 MP: 3/3
  1544 | D:2      | Found a faded altar of an unknown god.
  1631 | D:2      | Reached skill level 5 in Fighting
  1694 | D:2      | Noticed Robin
  1697 | D:2      | Reached ** piety under Trog
  1722 | D:2      | Slain by Robin

Illustrated notes

Levels and vault maps discovered:
D:1:      dpeg_arrival_rooms_b, layout_basic, st_stairs_14
D:2:      layout_rooms, serial_shops, nicolae_shop_behind_doors,
          basic_ecumenical_altar, uniq_robin

Skill      XL: |  1  2  3 |
---------------+----------+-----
Maces & Flails | 3 |  3.1
Dodging        | 3 |  3.1
Fighting       | 5 |  5.1

Action                   || total
-------------------------++-------
Melee: Mace              ||   100
Invok: Berserk           ||     1
       Trog's Hand       ||     1
Armor: Animal skin       ||    36
Dodge: Dodged            ||    53

Table legend: (Time is in decaauts)
 A = Elapsed time spent in this place.
 B = Non-inter-level travel time spent in this place.
 C = Inter-level travel time spent in this place.
 D = Time resting spent in this place.
 E = Time spent auto-exploring this place.
 F = Levels seen in this place.
 G = Mean time per level.
                   A        B        C        D        E       F      G
               +--------+--------+--------+--------+--------+-----+--------+
         Total |   1741 |   1689 |     52 |    214 |   1272 |   2 |  870.5 |
       Dungeon |   1741 |   1689 |     52 |    214 |   1272 |   2 |  870.5 |
               +--------+--------+--------+--------+--------+-----+--------+

Top non-repeatable levels by time:
     D:1: 1342 daAuts
     D:2: 398 daAuts
